 Dungeon Crawl Stone Soup version 0.28.0-45-g0d030f2227 (webtiles) character file.

Game seed: 11886060764037955599

130 SnailSD the Magician (level 5, 0/40 HPs)
             Began as a Gnoll Wanderer on Apr 2, 2022.
             Was an Initiate of Yredelemnul.
             Slain by Sigmund
             ... wielding a +0 scythe
              (4 damage)
             ... on level 3 of the Dungeon.
             The game lasted 00:19:04 (2007 turns).

SnailSD the Magician (Gnoll Wanderer)               Turns: 2007, Time: 00:19:04

Health: 0/40       AC:  9    Str: 12    XL:     5   Next: 14%
Magic:  14/14      EV:  6    Int: 11    God:    Yredelemnul [......]
Gold:   71         SH:  0    Dex: 13    Spells: 17/18 levels left

rFire   . . .      SeeInvis .   i - +1 war axe (vamp)
rCold   . . .      Faith    .   (no shield)
rNeg    . . .      Spirit   .   m - +0 chain mail
rPois   .          Reflect  .   (no helmet)
rElec   .          Harm     .   (no cloak)
rCorr   .          Rampage  .   b - +0 pair of gloves
Will    .....                   (no boots)
Stlth   ..........              (no amulet)
HPRegen 0.13/turn               (no ring)
MPRegen 0.14/turn               (no ring)

@: brilliant
A: fangs 1, strong nose, distributed training
a: Renounce Religion, Recall Undead Harvest


You were on level 3 of the Dungeon.
You worshipped Yredelemnul.
Yredelemnul was noncommittal.
You visited 1 branch of the dungeon, and saw 4 of its levels.

You collected 71 gold pieces.

Inventory:

Hand Weapons
 a - a +2 mace
 i - a +1 vampiric war axe (weapon)
Missiles
 c - 101 stones (quivered)
 j - 40 sling bullets
 k - 16 bolts
 n - 8 arrows
Armour
 b - a +0 pair of gloves (worn)
 d - a +0 robe
 f - a +0 leather armour
 m - a +0 chain mail (worn)
Scrolls
 g - 2 scrolls of teleportation {unknown}
 l - 2 scrolls of vulnerability {unknown}
 o - a scroll of magic mapping {unknown}
Potions
 e - a potion of brilliance
 h - a potion of might {unknown}
 p - a potion of attraction {unknown}
 q - a potion of heal wounds {unknown}


   Skills:
 + Level 2.9 Fighting
 + Level 1.4 Short Blades
 + Level 1.4 Long Blades
 + Level 1.4 Axes
 + Level 6.6 Maces & Flails
 + Level 1.4 Polearms
 + Level 1.4 Staves
 + Level 1.4 Slings
 + Level 1.4 Bows
 + Level 1.4 Crossbows
 + Level 1.4 Throwing
 + Level 1.4 Armour
 + Level 2.9 Dodging
 + Level 4.3 Stealth
 + Level 1.4 Shields
 + Level 1.4 Unarmed Combat
 + Level 7.2 Spellcasting
 + Level 1.1 Conjurations
 + Level 1.1 Hexes
 + Level 1.1 Summonings
 + Level 1.1 Necromancy
 + Level 1.1 Translocations
 + Level 1.1 Transmutations
 + Level 1.1 Fire Magic
 + Level 1.1 Ice Magic
 + Level 1.1 Air Magic
 + Level 1.1 Earth Magic
 + Level 1.1 Poison Magic
 + Level 1.5 Invocations
 + Level 1.4 Evocations


You had 17 spell levels left.
You knew the following spells:

 Your Spells              Type           Power      Damage    Failure   Level
a - Sandblast             Erth           18%        2d7       99%         1

Your spell library contained the following spells:

 Spells                   Type           Power      Damage    Failure   Level
 Stone Arrow              Conj/Erth      18%        3d8       100%        3


Dungeon Overview and Level Annotations

Branches:
Dungeon (4/15)
 Temple: D:4-7

Altars:
Gozag
Trog
Yredelemnul

Annotations:
D:3 Sigmund


Innate Abilities, Weirdness & Mutations

You have very sharp teeth.
Your uncanny sense of smell can sniff out nearby items.
Your experience applies equally to all skills.


Message History

The goblin hits you but does no damage.
You closely miss the goblin.
Sigmund hits you from afar with a +0 scythe.
The goblin hits you but does no damage.
You hit the goblin but do no damage. You hit the worm.
You feel better. The goblin hits you but does no damage.
Sigmund hits you but does no damage. The worm bites you.
The goblin hits you but does no damage.
You barely miss the goblin. Your punch misses the goblin. You hit the worm.
You feel better.
Sigmund gestures wildly while chanting.
Sigmund flickers and vanishes!
Deactivating autopickup; reactivate with Ctrl-A.
The goblin hits you but does no damage. The worm bites you!
You closely miss the goblin. You hit the worm.
You feel better. Something hits you! The goblin hits you but does no damage.
The worm barely misses you.
You hit the goblin.
You feel better.
You bite the goblin.
The goblin is severely wounded.
You hit the worm. The goblin hits you but does no damage.
Something hits you but does no damage. The goblin hits you with a +0 dagger.
Something hits you. The goblin hits you but does no damage. The worm bites you.
You barely miss the goblin. You bite the goblin.
You kill the goblin!
Something hits you!
* * * LOW HITPOINT WARNING * * *
You barely miss the worm.
The worm is heavily wounded.
Something hits you.
* * * LOW HITPOINT WARNING * * *
The worm bites you but does no damage.
You slash the worm!
You feel better.
The worm is almost dead.
Something hits you but does no damage. The worm bites you!
* * * LOW HITPOINT WARNING * * *
It was a potion of brilliance.
You feel clever all of a sudden. Something hits you.
You die...
Your body rises from the dead as a mindless zombie.

.#..$..#...
.#.....#..###
.+.._..#..#..
.#$..$(#..#.#
.#.....#..#.# #
.#######....###.#
.......{.##>....#
......#w####.####
##### #@# #.####
#.# #....# #.#
####.#
####.####.##.###
#..............#
#.......#.####.#
#.......#.# #.#
#.......#.####.#
##......#......#


You could see a worm.

Vanquished Creatures
  A hound (D:2)
  An orc priest (D:2)
  2 adders (D:2)
  An adder zombie (D:3)
  3 dart slugs (D:1)
  3 orcs (D:2)
  2 endoplasms
  3 giant cockroaches
  5 goblins
  5 hobgoblins
  2 jackals (D:1)
  4 quokkas
  2 ball pythons
  A bat (D:1)
  2 frilled lizards (D:1)
  A jackal zombie (D:3)
  A rat (D:2)
39 creatures vanquished.

Notes
Turn   | Place    | Note
-------+----------+-------------------------------------------
     0 | D:1      | SnailSD the Gnoll Wanderer began the quest for the Orb.
     0 | D:1      | SnailSD set off with the following items: a +2 mace, a +0
                  | pair of gloves, 27 stones, a +0 robe; and the following
                  | spell memorised: Sandblast; and the following spells
                  | available to memorise: Stone Arrow
     0 | D:1      | Reached XP level 1. HP: 17/17 MP: 8/8
   136 | D:1      | Reached XP level 2. HP: 14/23 MP: 10/10
   852 | D:1      | Reached XP level 3. HP: 28/28 MP: 11/11
   871 | D:1      | Found a faded altar of an unknown god.
  1178 | D:2      | Reached skill level 1 in Short Blades
  1178 | D:2      | Reached skill level 1 in Long Blades
  1178 | D:2      | Reached skill level 1 in Axes
  1178 | D:2      | Reached skill level 1 in Polearms
  1178 | D:2      | Reached skill level 1 in Staves
  1178 | D:2      | Reached skill level 1 in Slings
  1178 | D:2      | Reached skill level 1 in Bows
  1178 | D:2      | Reached skill level 1 in Crossbows
  1178 | D:2      | Reached skill level 1 in Throwing
  1178 | D:2      | Reached skill level 1 in Armour
  1178 | D:2      | Reached skill level 1 in Shields
  1178 | D:2      | Reached skill level 1 in Unarmed Combat
  1178 | D:2      | Reached skill level 1 in Invocations
  1178 | D:2      | Reached skill level 1 in Evocations
  1178 | D:2      | Reached XP level 4. HP: 21/34 MP: 13/13
  1203 | D:2      | Reached skill level 1 in Conjurations
  1203 | D:2      | Reached skill level 1 in Hexes
  1203 | D:2      | Reached skill level 1 in Summonings
  1203 | D:2      | Reached skill level 1 in Necromancy
  1203 | D:2      | Reached skill level 1 in Translocations
  1203 | D:2      | Reached skill level 1 in Transmutations
  1203 | D:2      | Reached skill level 1 in Fire Magic
  1203 | D:2      | Reached skill level 1 in Ice Magic
  1203 | D:2      | Reached skill level 1 in Air Magic
  1203 | D:2      | Reached skill level 1 in Earth Magic
  1203 | D:2      | Reached skill level 1 in Poison Magic
  1701 | D:2      | Reached XP level 5. HP: 40/40 MP: 14/14
  1749 | D:2      | Found an opulent altar of Gozag.
  1826 | D:2      | You fall into a shaft and drop 2 floors!
  1843 | D:3      | Found a bloodstained altar of Trog.
  1931 | D:3      | Found a basalt altar of Yredelemnul.
  1939 | D:3      | Became a worshipper of Yredelemnul the Dark
  1991 | D:3      | Noticed Sigmund
  2007 | D:3      | Slain by Sigmund

Illustrated notes

Levels and vault maps discovered:
D:1:      onia_arrival_mini_spirals, layout_rooms,
          shapermc_ecumenical_altar_petra, minmay_tromino_i4
D:2:      layout_basic, basic_altar, minmay_stone_trees_small
D:3:      layout_basic, makhleb_altar_promises_db,
          lemuel_zombie_altar_yredelemnul, amcnicky_altar_gilded,
          minmay_circle_x, uniq_sigmund
D:4:      layout_basic, nicolae_ossuary_entry_monument

Skill      XL: |  1  2  3  4 |
---------------+-------------+-----
Short Blades   | 1 |  1.4
Long Blades    | 1 |  1.4
Axes           | 1 |  1.4
Polearms       | 1 |  1.4
Staves         | 1 |  1.4
Slings         | 1 |  1.4
Bows           | 1 |  1.4
Crossbows      | 1 |  1.4
Throwing       | 1 |  1.4
Armour         | 1 |  1.4
Shields        | 1 |  1.4
Unarmed Combat | 1 |  1.4
Invocations    | 1 |  1.5
Evocations     | 1 |  1.4
Conjurations   | 1 |  1.1
Hexes          | 1 |  1.1
Summonings     | 1 |  1.1
Necromancy     | 1 |  1.1
Translocations | 1 |  1.1
Transmutations | 1 |  1.1
Fire Magic     | 1 |  1.1
Ice Magic      | 1 |  1.1
Air Magic      | 1 |  1.1
Earth Magic    | 1 |  1.1
Poison Magic   | 1 |  1.1
Fighting       | |  2.9
Maces & Flails | |  6.6
Dodging        | |  2.9
Stealth        | |  4.3
Spellcasting   | |  7.2

Action                   |  1- 3 |  4- 6 || total
-------------------------+-------+-------++-------
Melee: Mace              |    35 |       ||    35
       Bite              |     3 |     6 ||     9
       War axe           |    16 |    56 ||    72
  Use: Potion            |       |     1 ||     1
 Stab: Sleeping          |     2 |       ||     2
Armor: Robe              |     9 |       ||     9
       Leather armour    |     4 |     5 ||     9
       Chain mail        |       |    39 ||    39
Dodge: Dodged            |    28 |    18 ||    46
